 Dungeon Crawl Stone Soup version 0.29-a0-322-g68df515428 (webtiles) character file.

Game seed: 2639432664256784207

95 Alarak the Chopper (level 4, -1/40 HPs)
             Began as a Hill Orc Monk on Apr 8, 2022.
             Slain by a gnoll
             ... wielding a +0 whip
              (7 damage)
             ... on level 2 of the Dungeon.
             The game lasted 00:02:27 (2027 turns).

Alarak the Chopper (Hill Orc Monk)                  Turns: 2027, Time: 00:02:28

Health: -1/40      AC: 10    Str: 15    XL:     4   Next: 66%
Magic:  4/4        EV: 10    Int: 10    God:
Gold:   120        SH:  0    Dex: 13    Spells: 3/3 levels left

rFire   . . .      SeeInvis .   a - +0 hand axe
rCold   . . .      Faith    .   (no shield)
rNeg    . . .      Spirit   .   e - +0 scale mail
rPois   .          Reflect  .   b - +2 helmet
rElec   .          Harm     .   (no cloak)
rCorr   .          Rampage  .   l - +0 pair of gloves
Will    .....                   (no boots)
Stlth   ..........              (no amulet)
HPRegen 0.13/turn               (no ring)
MPRegen 0.09/turn               (no ring)

@: no status effects
A: no striking features
a: no special abilities


You were on level 2 of the Dungeon.
You visited 1 branch of the dungeon, and saw 2 of its levels.

You collected 120 gold pieces.

Inventory:

Hand Weapons
 a - a +0 hand axe (weapon)
Armour
 b - a +2 helmet (worn)
 e - a +0 scale mail (worn)
 l - a +0 pair of gloves (worn)
Jewellery
 i - a ring of poison resistance
 m - an amulet of magic regeneration
 n - a ring of magical power
Wands
 j - a wand of iceblast (8)
Scrolls
 d - a scroll of vulnerability {unknown}
 f - a scroll of identify
 g - a scroll of enchant weapon
 k - a scroll of silence {unknown}
 o - a scroll of teleportation {unknown}
Potions
 c - a potion of ambrosia
 h - a potion of degeneration {unknown}
 p - a potion of mutation {unknown}


   Skills:
 + Level 4.0 Fighting
 + Level 6.4 Axes
 + Level 1.1 Armour
 - Level 2.4 Dodging
 - Level 1.5 Stealth


You had 3 spell levels left.
You didn't know any spells.
Your spell library was empty.

Dungeon Overview and Level Annotations

Branches:
Dungeon (2/15)

Altars:


Message History

You kill the gnoll!
The gnoll hits you from afar with a +0 spear.
* * * LOW HITPOINT WARNING * * *
Your Fighting skill increases to level 4!
Your Armour skill increases to level 1!
The gnoll hits you but does no damage.
Things that are here:
a +0 club; a +0 flail You hit the gnoll.
The gnoll is heavily wounded.
The gnoll closely misses you.
You barely miss the gnoll.
The gnoll is heavily wounded.
The gnoll completely misses you.
You hit the gnoll.
The gnoll is severely wounded.
The gnoll hits you but does no damage.
You hit the gnoll.
The gnoll is almost dead.
The gnoll hits you with a +0 spear.
* * * LOW HITPOINT WARNING * * *
You hit the gnoll.
You kill the gnoll!
Things that are here:
a +0 spear; a gnoll corpse A gnoll comes into view.
It is wielding a +0 whip.
Things that are here:
a +0 spear; a gnoll corpse
Things that are here:
a +0 club; a +0 flail
Okay, then.
You are too injured to fight recklessly!
The gnoll closely misses you.
You hit the gnoll but do no damage. The gnoll hits you with a +0 whip.
* * * LOW HITPOINT WARNING * * *
You hit the gnoll but do no damage. The gnoll closely misses you.
You hit the gnoll.
The gnoll is lightly wounded.
The gnoll hits you with a +0 whip!
You die...

...........g...
#.#######.. #..........
#..#...g.....#
#####..#.........#
+......#......[..#..
######)#.......).# .##
#g#.........# ..##
#@#######..# .... ...#+##
#.#######..##+#†## #.....#
#.##.............# #.....#
#................#
#.....######.............#
#....... #.............#
#.....# #.............#
#.....# +........####..
#.....######....##††#####.


You could see a gnoll.

Vanquished Creatures
  3 gnolls (D:2)
  3 adders (D:2)
  3 dart slugs
  2 endoplasms (D:1)
  A giant cockroach (D:2)
  3 goblins (D:1)
  3 hobgoblins
  2 jackals (D:1)
  3 kobolds (D:1)
  2 quokkas (D:1)
  4 ball pythons
  A bat (D:1)
  2 frilled lizards
  3 rats (D:1)
35 creatures vanquished.

Notes
Turn   | Place    | Note
-------+----------+-------------------------------------------
     0 | D:1      | Alarak the Hill Orc Monk began the quest for the Orb.
     0 | D:1      | Reached XP level 1. HP: 19/19 MP: 1/1
   216 | D:1      | Reached XP level 2. HP: 26/26 MP: 2/2
   456 | D:1      | Reached skill level 5 in Axes
   668 | D:1      | Reached XP level 3. HP: 19/31 MP: 3/3
   872 | D:1      | Found a faded altar of an unknown god.
  1765 | D:2      | Reached skill level 6 in Axes
  1869 | D:2      | Reached XP level 4. HP: 33/40 MP: 4/4
  2004 | D:2      | Reached skill level 1 in Armour
  2027 | D:2      | Slain by a gnoll

Illustrated notes

Levels and vault maps discovered:
D:1:      dpeg_arrival_tiny_c, layout_loops_ring,
          nicolae_ecumenical_lake_church, minmay_misc_feat_enclosed
D:2:      layout_basic, roderic_roman_lattice

Skill      XL: |  1  2  3  4 |
---------------+-------------+-----
Axes           | 5 6 |  6.4
Fighting       | 4 |  4.0
Armour         | 1 |  1.1
Dodging        | |  2.4
Stealth        | |  1.5

Action                   |  1- 3 |  4- 6 || total
-------------------------+-------+-------++-------
Melee: Hand axe          |   139 |    30 ||   169
  Use: Scroll            |     4 |       ||     4
Armor: Scale mail        |    59 |     6 ||    65
Dodge: Dodged            |    74 |    21 ||    95

Table legend: (Time is in decaauts)
 A = Elapsed time spent in this place.
 B = Non-inter-level travel time spent in this place.
 C = Inter-level travel time spent in this place.
 D = Time resting spent in this place.
 E = Time spent auto-exploring this place.
 F = Levels seen in this place.
 G = Mean time per level.
                   A        B        C        D        E       F      G
               +--------+--------+--------+--------+--------+-----+--------+
         Total |   2034 |   1941 |     93 |    343 |   1252 |   2 | 1017.0 |
       Dungeon |   2034 |   1941 |     93 |    343 |   1252 |   2 | 1017.0 |
               +--------+--------+--------+--------+--------+-----+--------+

Top non-repeatable levels by time:
     D:1: 1302 daAuts
     D:2: 732 daAuts
